 Dungeon Crawl Stone Soup version 0.26-a0-1129-gc5df7fbe6a (webtiles) character file.

Game seed: 17267799021571317655

488 uibert the Destroyer (level 6, -6/33 HPs)
             Began as a Deep Elf Conjurer on Dec 19, 2020.
             Was a Follower of Sif Muna.
             Shot with an arrow by a centaur (12 damage)
             ... on level 5 of the Dungeon.
             The game lasted 00:13:10 (4133 turns).

uibert the Destroyer (Deep Elf Conjurer)            Turns: 4133, Time: 00:13:11

Health: -6/33      AC:  3    Str:  6    XL:     6   Next: 90%
Magic:  14/22      EV: 13    Int: 23    God:    Sif Muna [*.....]
Gold:   271        SH:  0    Dex: 13    Spells: 3/11 levels left

rFire    . . .     SeeInvis .   k - +3 dagger (venom)
rCold    . . .     Faith    .   (no shield)
rNeg     . . .     Spirit   .   a - +0 robe
rPois    .         Reflect  .   (no helmet)
rElec    .         Harm     .   r - +0 cloak
rCorr    .         Rampage  .   (no gloves)
Will     .....                  (no boots)
Stlth    ++........             (no amulet)
HPRegen  0.11/turn              p - ring of magical power
MPRegen  0.18/turn              q - ring of wizardry

@: no status effects
A: no striking features
a: Renounce Religion, Channel Magic


You were on level 5 of the Dungeon.
You worshipped Sif Muna.
Sif Muna was aware of your devotion.
You visited 1 branch of the dungeon, and saw 5 of its levels.

You collected 271 gold pieces.

Inventory:

Hand Weapons
 b - a +2 hand axe of draining
 e - a +1 dagger of venom
 k - a +3 dagger of venom (weapon)
Armour
 a - a +0 robe (worn)
 r - a +0 cloak (worn)
Jewellery
 p - a ring of magical power (left hand)
 q - a ring of wizardry (right hand)
Wands
 s - a wand of random effects (14)
Scrolls
 h - 3 scrolls of remove curse
 j - a scroll of magic mapping
 l - 6 scrolls of identify
 o - a scroll of teleportation
Potions
 c - a potion of haste
 d - a potion of brilliance
 f - a potion of curing
 t - a potion of lignification {unknown}


   Skills:
 + Level 0.7 Fighting
 + Level 2.9 Dodging
 + Level 3.1 Stealth
 + Level 3.4 Spellcasting
 * Level 8.2 Conjurations
 + Level 1.1 Necromancy
 + Level 1.1 Invocations
 + Level 1.0 Evocations


You had 3 spell levels left.
You knew the following spells:

 Your Spells              Type           Power        Failure   Level
a - Magic Dart            Conj           100%         1%          1
b - Searing Ray           Conj           82%          1%          2
c - Animate Skeleton      Necr           18%          2%          1
d - Iskenderun's Mystic   Conj/Tloc      22%          9%          4

Your spell library contained the following spells:

 Spells                   Type           Power        Failure   Level
 Dazzling Flash           Conj/Hex       44%          2%          3
 Fulminant Prism          Conj/Hex       11%          9%          4


Dungeon Overview and Level Annotations

Branches:
Dungeon (5/15)
 Temple: D:4-7

Altars:
Elyvilon
Gozag
Kikubaaqudgha
Okawaru
Sif Muna
Uskayaw
Vehumet
The Shining One

Shops:
D:4 }(?(


Message History

The sky beast hits you but does no damage.
The searing ray hits the sky beast.
You kill the sky beast!
Sif Muna accepts your kill.
Your Stealth skill increases to level 3!
Your Necromancy skill increases to level 1!
Your Invocations skill increases to level 1!
Your Evocations skill increases to level 1!
You start resting.
An orc comes into view. It is wielding a +0 mace.
A centaur comes into view.
The centaur shouts!
You hear a bark!
A bullfrog comes into view.
The centaur wields a +0 shortbow.
The centaur shoots an arrow.
The arrow closely misses you.
A jackal comes into view.
You see here an arrow.
The centaur shoots an arrow.
The arrow barely misses you.
The centaur shoots an arrow.
The arrow hits you!
You die...

### ##..#.... .#
#.##### #.......# #..
...#..# #..##.#.###...
......######.##.#.#....
#....##.......(......#
##....#......).......#
##...#.......)....###
#..........(........#
###...........)@.#....#
#.#...........## ...#
###.........†## #
#.........c.#
#.....#.....h.
##....#..##...c
####......##....
#...........o#.
###............##


You could see a centaur.

Vanquished Creatures
  Sigmund (D:2)
  A sky beast (D:5)
  A bullfrog zombie (D:5)
  An orc wizard (D:5)
  An iguana (D:4)
  A hound zombie (D:5)
  5 adders
  An ooze (D:1)
  An adder skeleton (D:4)
  A worm (D:2)
  A dart slug (D:4)
  A leopard gecko (D:4)
  4 orcs
  6 bats
  A giant cockroach (D:4)
  11 goblins
  9 hobgoblins
  8 jackals
  A quokka (D:2)
  A ball python (D:1)
  5 frilled lizards
  5 kobolds
  2 rats (D:2)
69 creatures vanquished.

Vanquished Creatures (others)
  A plant (D:2)
1 creature vanquished.

Grand Total: 70 creatures vanquished

Notes
Turn   | Place    | Note
-------+----------+-------------------------------------------
     0 | D:1      | uibert the Deep Elf Conjurer began the quest for the Orb.
     0 | D:1      | Reached XP level 1. HP: 10/10 MP: 6/6
   268 | D:1      | Reached XP level 2. HP: 15/15 MP: 0/8
   271 | D:1      | Learned a level 2 spell: Searing Ray
   391 | D:1      | Reached skill level 5 in Conjurations
  1129 | D:1      | Reached XP level 3. HP: 15/19 MP: 3/9
  1309 | D:2      | Noticed Sigmund
  1323 | D:2      | Killed Sigmund
  1324 | D:2      | Reached skill level 7 in Conjurations
  1324 | D:2      | Reached XP level 4. HP: 8/24 MP: 1/10
  1324 | D:2      | Reached XP level 5. HP: 10/28 MP: 1/11
  2317 | D:3      | Found an ancient bone altar of Kikubaaqudgha.
  2317 | D:3      | Found a shimmering blue altar of Sif Muna.
  2319 | D:3      | Found a radiant altar of Vehumet.
  2322 | D:3      | Identified Kikubaaqudgha's Reference Book on Stolen Souls
  2332 | D:3      | Became a worshipper of Sif Muna the Loreminder
  2855 | D:3      | Reached skill level 8 in Conjurations
  2984 | D:3      | Found a white marble altar of Elyvilon.
  2987 | D:3      | Learned a level 1 spell: Animate Skeleton
  3143 | D:3      | Found an opulent altar of Gozag.
  3211 | D:4      | Found an iron altar of Okawaru.
  3244 | D:4      | Found Zypteack's Weapon Boutique.
  3335 | D:4      | Found Ubibiul's Magic Scroll Shoppe.
  3345 | D:4      | Reached XP level 6. HP: 32/32 MP: 8/12
  3416 | D:4      | Found Nearamihu's Antique Weapon Boutique.
  3420 | D:4      | Reached * piety under Sif Muna
  3477 | D:4      | Found a hide-covered altar of Uskayaw.
  3687 | D:4      | Found Aveqosm's Gadget Emporium.
  3901 | D:4      | Found a glowing golden altar of the Shining One.
  3928 | D:4      | Learned a level 4 spell: Iskenderun's Mystic Blast
  3929 | D:5      | Entered Level 5 of the Dungeon
  4095 | D:5      | Noticed a sky beast
  4109 | D:5      | Killed a sky beast
  4110 | D:5      | Reached skill level 1 in Necromancy
  4110 | D:5      | Reached skill level 1 in Invocations
  4110 | D:5      | Reached skill level 1 in Evocations
  4133 | D:5      | Shot with an arrow by a centaur

Illustrated notes

Levels and vault maps discovered:
D:1:      heliophobic_arrival_glass_houses, layout_basic, grunt_decor_junction
D:2:      layout_rooms, hangedman_abyss_or_decor_stabs, serial_bayou_lagoon_a,
          corexii_item_surrounded_by_moat, chequers_avenue, uniq_sigmund
D:3:      layout_basic, grunt_temple_overflow_magic_moments,
          nicolae_overflow_hidden_temple, hangedman_decor_slide_cut
D:4:      layout_basic, lemuel_round_altar, tso_oasis_becter, serial_shops,
          shop, shop, shop, shop, palyth_stone_intersect,
          kennysheep_okawaru_gauntlet
D:5:      layout_cave_pools, minivault_4, minmay_hollow_rounded_squares

Skill      XL: |  1  2  3  4  5  6 |
---------------+-------------------+-----
Conjurations   | 5 7 8 |  8.2
Stealth        | 3 |  3.1
Necromancy     | 1 |  1.1
Invocations    | 1 |  1.1
Evocations     | 1 |  1.0
Fighting       | |  0.7
Dodging        | |  2.9
Spellcasting   | |  3.4

Action                   |  1- 3 |  4- 6 || total
-------------------------+-------+-------++-------
Melee: Hand axe          |     4 |       ||     4
       Dagger            |     5 |     1 ||     6
 Cast: Magic Dart        |    36 |    86 ||   122
       Searing Ray       |     3 |     9 ||    12
  Use: Potion            |     3 |     2 ||     5
       Scroll            |       |     8 ||     8
Armor: Robe              |     1 |     1 ||     2
Dodge: Dodged            |     8 |     8 ||    16

Table legend: (Time is in decaauts)
 A = Elapsed time spent in this place.
 B = Non-inter-level travel time spent in this place.
 C = Inter-level travel time spent in this place.
 D = Time resting spent in this place.
 E = Time spent auto-exploring this place.
 F = Levels seen in this place.
 G = Mean time per level.
                   A        B        C        D        E       F      G
               +--------+--------+--------+--------+--------+-----+--------+
         Total |   4113 |   3859 |    254 |    161 |   3346 |   5 |  822.6 |
       Dungeon |   4113 |   3859 |    254 |    161 |   3346 |   5 |  822.6 |
               +--------+--------+--------+--------+--------+-----+--------+

Top non-repeatable levels by time:
     D:1: 1278 daAuts
     D:2: 992 daAuts
     D:3: 906 daAuts
     D:4: 732 daAuts
     D:5: 203 daAuts
